 Dungeon Crawl Stone Soup version 0.14-a0-226-gcf818b1 (webtiles) character file.

2070 Chiseanne the Practitioner (level 8, -9/64 HPs)
             Began as a Lava Orc Healer on Oct 11, 2013.
             Was a Believer of Elyvilon.
             Mangled by an orc warrior
             ... wielding a cursed -2,+0 orcish glaive
              (28 damage)
             ... on Level 6 of the Dungeon.
             The game lasted 00:28:55 (6245 turns).

Chiseanne the Practitioner (Lava Orc Healer)        Turns: 6245, Time: 00:28:55

HP  -9/64        AC  8     Str 17      XL: 8   Next: 76%
MP  17/18        EV  8     Int 12      God: Elyvilon [**....]
Gold 339         SH 10     Dex 10      Spells:  0 memorised,  7 levels left

Res.Fire  : + + +   See Invis. : .   a - +4,+2 elf dagger (venom)
Res.Cold  : . . .   Warding    : .   r - +1 elf scale mail {rC+}
Life Prot.: + . .   Conserve   : .   h - +1 buckler
Res.Poison: .       Res.Corr.  : .   (helmet restricted)
Res.Elec. : .       Clarity    : .   (no cloak)
Sust.Abil.: . .     Spirit.Shd : .   (no gloves)
Res.Mut.  : .       Stasis     : .   (no boots)
Res.Rott. : .       Flight     : .   (no amulet)
Saprovore : + . .                    q - ring of protection from fire
                                     f - ring of positive energy

@: slightly resistant to hostile enchantments, extremely unstealthy
A: horns 1, blurry vision 1, conserve scrolls, saprovore 1
a: Lesser Healing, Lesser Self-Healing, Divine Protection, Purification,
Renounce Religion


You were on level 6 of the Dungeon.
You worshipped Elyvilon.
Elyvilon was pleased with you.
You were not hungry.

You visited 1 branch of the dungeon, and saw 6 of its levels.

You collected 239 gold pieces.

Inventory:

Hand weapons
 a - a +4,+2 elven dagger of venom (weapon)
 s - a +1,+0 whip of flaming
Missiles
 j - 10 darts of flame
 k - 9 poisoned needles
 l - 2 throwing nets
 m - 22 darts (quivered)
 n - 8 steel darts
 u - 9 darts of frost
 x - 2 tomahawks
Armour
 h - a +1 buckler (worn)
 r - a +1 elven scale mail of cold resistance (worn)
Comestibles
 d - 4 meat rations
 i - a choko
 p - 3 bread rations
 v - a beef jerky
 z - a sausage
Scrolls
 e - 2 scrolls of remove curse
 g - 7 scrolls of identify
 o - 3 scrolls of blinking
 y - a scroll of enchant armour
 A - a scroll of fear {unknown}
Jewellery
 f - a ring of positive energy (left hand)
 q - a ring of protection from fire (right hand)
 w - an uncursed ring of positive energy
Potions
 b - a potion of curing


   Skills:
 * Level 4.6 Fighting
 * Level 3.2 Short Blades
 * Level 5.0 Armour
 * Level 5.9 Dodging
 * Level 3.5 Shields
 * Level 7.7 Invocations


You had 7 spell levels left.
You didn't know any spells.

Dungeon Overview and Level Annotations

Branches:
Dungeon (6/27)             Temple (0/1) D:4
    Orc: D:6-11

Altars:


Innate Abilities, Weirdness & Mutations

You have stony skin.
Your flesh is almost immune to the effects of heat.
Your fire spells are more powerful.
Your flesh is vulnerable to cold.
Your heat harms attackers.
You bathe your surroundings in blazing heat.
You are too hot to use scrolls.
You are very good at protecting items from fire.
You can tolerate rotten meat.
You have a pair of small horns on your head.
Your vision is a little blurry.


Message History

The orc throws a stone.
The stone misses you.
You closely miss the orc wizard.
The orc wizard is burned by your radiant heat.
The orc wizard is lightly wounded.
The orc wizard hits you with an orcish dagger.
* * * LOW HITPOINT WARNING * * *
The orc wizard appears unharmed.
The orc warrior hits you from afar with an orcish glaive!
* * * LOW HITPOINT WARNING * * *
The orc throws a stone.
The stone hits you!
* * * LOW HITPOINT WARNING * * *
Drink which item? (? for menu, Esc to quit)
You feel much better.
The orc wizard is burned by your radiant heat.
The orc wizard is heavily wounded.
The orc wizard hits you with an orcish dagger.
* * * LOW HITPOINT WARNING * * *
The orc wizard appears unharmed.
The orc warrior hits you from afar with an orcish glaive!
You die...

#. .. #. #.
##o####
#.....##
#..o...##
#.#(....##
#..@o>...#
#.#.....##
.....#(..##
####.##..#
####.###.#
#....ยง...#
###.##.##..#
#.......#..#
#...5...#..#
###


You could see an orc warrior, an orc wizard and an orc.

Vanquished Creatures
  Pikel (D:4)
  Edmund (D:6)
  An ice beast (D:5)
  2 phantoms
  3 ogres
  A centaur (D:5)
  2 slaves (D:4)
  A goliath beetle (D:6)
  A jelly (D:5)
  3 orc priests (D:6)
  A giant frog zombie (D:6)
  2 hounds
  A centaur skeleton (D:4)
  An iguana (D:5)
  A black bear skeleton (D:5)
  A scorpion (D:5)
  4 gnolls (D:2)
  3 adders
  A giant mite (D:1)
  2 worms (D:3)
  An iguana skeleton (D:5)
  2 giant geckos
  9 orcs
  2 ball pythons
  10 bats
  7 giant cockroaches
  4 goblins
  8 hobgoblins
  10 jackals
  4 kobolds
  A giant newt (D:2)
  A goblin zombie (D:5)
  2 hobgoblin skeletons (D:5)
  A kobold skeleton (D:4)
  14 rats
  A rat zombie (D:5)
110 creatures vanquished.

Vanquished Creatures (others)
  An adder (D:2)
  2 jackals (D:4)
  A bat (D:2)
  A goblin (D:6)
  A rat (D:1)
6 creatures vanquished.

Grand Total: 116 creatures vanquished

Notes
Turn   | Place    | Note
--------------------------------------------------------------
     0 | D:1      | Chiseanne, the Lava Orc Healer, began the quest for the Orb.
     0 | D:1      | Reached XP level 1. HP: 17/17 MP: 2/2
   323 | D:1      | Reached skill level 5 in Invocations
   596 | D:1      | Reached XP level 2. HP: 8/24 MP: 4/4
  1684 | D:1      | Reached XP level 3. HP: 24/29 MP: 6/6
  2061 | D:2      | Gained mutation: You have a pair of small horns on your head. [potion of mutation]
  2061 | D:2      | Gained mutation: Your vision is a little blurry. [potion of mutation]
  2073 | D:2      | Reached XP level 4. HP: 6/37 MP: 2/8
  3023 | D:3      | Paralysed by a potion of paralysis for 6 turns
  3641 | D:3      | Reached XP level 5. HP: 35/42 MP: 10/10
  3871 | D:4      | Noticed a slave
  3872 | D:4      | Noticed Pikel
  3872 | D:4      | Noticed a slave
  3874 | D:4      | Noticed a slave
  3883 | D:4      | Noticed a slave
  3887 | D:4      | Killed a slave
  3890 | D:4      | Killed a slave
  3892 | D:4      | Killed Pikel
  3892 | D:4      | Reached skill level 1 in Short Blades
  3892 | D:4      | Reached skill level 6 in Invocations
  3892 | D:4      | Reached XP level 6. HP: 29/50 MP: 11/13
  3892 | D:4      | Reached XP level 7. HP: 32/56 MP: 12/15
  3925 | D:4      | Noticed an ogre
  3949 | D:4      | Killed an ogre
  3964 | D:4      | Found a staircase to the Ecumenical Temple.
  3977 | D:4      | Noticed an ogre
  3994 | D:4      | Killed an ogre
  3994 | D:4      | Reached skill level 7 in Invocations
  4436 | D:5      | Entered Level 5 of the Dungeon
  4782 | D:5      | Reached skill level 5 in Dodging
  4782 | D:5      | Reached XP level 8. HP: 47/63 MP: 18/18
  5435 | D:6      | Noticed Edmund
  5455 | D:6      | Killed Edmund
  6218 | D:6      | Reached skill level 5 in Armour
  6244 | D:6      | HP: 2/64 [orc warrior/orcish glaive (16)]
  6245 | D:6      | Mangled by an orc warrior

Action                   |  1- 3 |  4- 6 |  7- 9 || total
-------------------------+-------+-------+-------++-------
Melee: Unarmed           |    42 |       |       ||    42
       Dagger            |   141 |    72 |   150 ||   363
       Short sword       |     9 |    26 |       ||    35
       Whip              |       |       |    77 ||    77
Throw: Dart              |       |     3 |       ||     3
Invok: Lesser Healing    |    26 |     9 |    17 ||    52
       Lesser Self-Heali |       |       |     1 ||     1
Evoke: Wand              |       |       |     1 ||     1
  Use: Potion            |     1 |     3 |     3 ||     7
       Scroll            |       |     9 |     4 ||    13
